AoeStats
← Dieguin

Arabia

510435187Analyzed
1v1 RM · 2d ago on Oct 1, 2026· 24m 11s· 2 players
Game mode
Random Map
Map size
Tiny (2 player)
Population
200
Speed
Normal
Resources
Standard
Victory
Conquest
Starting age
Dark Age
Ending age
Imperial Age
RankedLock teamsTeams togetherTeam positionsShared explorationLock speedFull tech treeHidden civsTurbo modeCheats
Victory
Defeat
🇺🇸 Ethiopians · United States
773
+15
🇨🇴 Cumans · Colombia
745
-15
Dieguin
6:53 Loom
9:42 Feudal Age
15:13 Double-Bit Axe
20:28 Fletching
20:39 Padded Archer Armor
Luisftrujillob
6:45 Loom
10:45 Feudal Age
12:25 Fletching
14:16 Double-Bit Axe
15:28 Padded Archer Armor
16:09 Horse Collar
Connection lost

Rejoining the realm…

Still unreachable

The connection could not be restored.

Session expired

The server has moved on; the page needs a fresh start.